AoeStats
← leyleyshow

Arabia

510440968Analyzed
1v1 RM · 2d ago on Oct 1, 2026· 28m 9s· 2 players
Game mode
Random Map
Map size
Tiny (2 player)
Population
200
Speed
Normal
Resources
Standard
Victory
Conquest
Starting age
Dark Age
Ending age
Imperial Age
RankedLock teamsTeams togetherTeam positionsShared explorationLock speedFull tech treeHidden civsTurbo modeCheats
Victory
Defeat
🇧🇷 Khitans · Brazil
1109
+17
🇹🇼 Koreans · Taiwan
1130
-17
leyleyshow
7:25 Loom
9:50 Feudal Age
12:14 Double-Bit Axe
14:18 Fletching
14:41 Forging
17:18 Wheelbarrow
18:03 Scale Barding Armor
20:02 Castle Age
21:36 Iron Casting
22:21 Bow Saw
24:16 Chain Barding Armor
25:06 Gold Mining
25:00 Domestication
jueaadjx
11:07 Feudal Age
9:24 Loom
11:10 Feudal Age
16:05 Castle Age
16:42 Scale Barding Armor
16:48 Forging
25:26 Pikeman
Connection lost

Rejoining the realm…

Still unreachable

The connection could not be restored.

Session expired

The server has moved on; the page needs a fresh start.